Cogmind - Beta 13 @@@ ROGUE MODE // 2024.05.04 @ 22:37:36 Player: Cwaftwer Result: Destroyed by 4E-7HS(R) with Subdweller Laser Performance ------------- Evolutions (0) 0 Regions Visited (2) 400 Robots Destroyed (6) 30 Value Destroyed (208) 208 Prototype IDs (10) 200 Alien Tech Used (0) 0 Bonus (0) 0 TOTAL SCORE: 838 Bonus ------- None Cogmind --------- Core Integrity 0/250 Matter 154/450 Energy 125/125 System Corruption 6% Temperature Cool (6) Movement Core (550) Ox10 Location -10/Subcaves Parts ------- > --- POWER (1) -------- Light Ion Engine > --- PROPULSION (2) --- (None) > --- UTILITY (2) ------ Large Storage Unit Large Matter Pod > --- WEAPON (2) ------- Subdweller Machine Gun Flamer > --- INVENTORY (15) --- Ion Engine Subdweller Power Source Flightbrick Makeshift Axe Peak State ------------ > --- POWER ------------ Subdweller Power Source > --- PROPULSION ------- Light Treads Light Treads > --- UTILITY ---------- Large Storage Unit > --- WEAPON ----------- Subdweller Beam Cannon Makeshift Axe > --- INVENTORY -------- Ion Engine Light Ion Engine Subdweller Monowheel Flightbrick Large Matter Pod Subdweller Machine Gun [Rating: 15] Favorites ----------- Power Light Ion Engine Engine Light Ion Engine Propulsion Wheel Treads Light Treads Wheel Wheel Utility Large Storage Unit Storage Large Storage Unit Weapon Flamer Energy Cannon Subdweller Beam Cannon Ballistic Gun Subdweller Machine Gun Launcher Grenade Launcher Special Weapon Flamer Slashing Weapon Makeshift Axe Build | -11 -10 -10 ------- Run | Yrd Mat Sub Slots Evolved . | . . . Power . | . . . Propulsion . | . . . Utility . | . . . Weapon . | . . . Parts Attached 24 | 5 2 17 Power 4 | 2 . 2 Engine 4 | 2 . 2 Core . | . . . Reactor . | . . . Propulsion 5 | 2 . 3 Treads 2 | . . 2 Leg . | . . . Wheel 3 | 2 . 1 Hover . | . . . Flight . | . . . Utility 3 | 1 1 1 Device . | . . . Storage 3 | 1 1 1 Processor . | . . . Hackware . | . . . Protection . | . . . Artifact . | . . . Weapon 12 | . 1 11 Energy Gun . | . . . Energy Cannon 1 | . . 1 Ballistic Gun 3 | . . 3 Ballistic Cannon . | . . . Launcher 1 | . 1 . Special Weapon 2 | . . 2 Impact Weapon . | . . . Slashing Weapon 5 | . . 5 Piercing Weapon . | . . . Special Melee Weapon . | . . . Unidentified Prototypes . | . . . Parts Lost 9 | . . 9 Power 1 | . . 1 Propulsion 5 | . . 5 Utility . | . . . Weapon 3 | . . 3 Highest Loss Streak 6 | . . 6 To Critical Strikes . | . . . Average Slot Usage (%) 66 | . 58 68 Engine 13 | . 14 13 Treads 1 | . . 2 Wheel 8 | . 28 3 Storage 22 | . 14 24 Ballistic Gun 7 | . . 8 Launcher 1 | . 1 1 Special Weapon 7 | . . 9 Slashing Weapon 2 | . . 2 Naked Turns . | . . . Heaviest Build 37 | 10 28 37 Greatest Support 40 | 26 26 40 Greatest Overweight (x) 10 | . 1 10 Average Overweight (x) 3 | . . 5 Largest Inventory Capacity 15 | 8 15 15 Average Capacity 14 | 6 14 15 Most Carried 9 | 3 5 9 Average Carried 6 | 2 4 6 Final Capacity 15 | 8 15 15 Final Carried 7 | 3 4 7 Class Distribution -------------------- 100% | Mutant Dominant Class ---------------- Mutant | -10/Materials Mutant | -10/Subcaves Resources | -11 -10 -10 ----------- Run | Yrd Mat Sub Matter Collected 445 | 250 . 195 Remotely . | . . . Salvage Created 159 | . 42 117 Parts 8 | . 2 6 Haulers Intercepted . | . . . Recyclers Shooed . | . . . Parts Field Recycled . | . . . Retrieved Matter . | . . . Parts Self-Destructed 12 | . . 12 Prevented . | . . . Kills | -11 -10 -10 ------- Run | Yrd Mat Sub Combat Hostiles Destroyed 5 | . 2 3 Melee 1 | . . 1 Guns 1 | . . 1 AOE 3 | . 2 1 Classes Destroyed 4 | . 2 2 Tunneler 1 | . 1 . Grunt 2 | . 2 . Cobbler 1 | . . 1 Subdweller 3 | . . 3 Best Kill Streak 3 | . 3 1 Combat Bots Only 2 | . 2 1 Max Kills in Single Turn 1 | . 1 1 Gunslinging . | . . . Exploded 1 | . 1 1 Melee 1 | . . 1 Uniques/NPCs Destroyed . | . . . Combat | -11 -10 -10 -------- Run | Yrd Mat Sub Hostile Shots Fired 45 | . 7 38 Missed 9 | . 1 8 Damage Taken 1190 | . 130 1060 Core 265 | . 36 229 Absorbed by Shields . | . . . Core Remaining (%) 100 | 100 . . Volleys Fired 20 | . 8 12 Largest 2 | . 1 2 Hottest 130 | . 30 130 Shots Fired 27 | . 8 19 Gun 12 | . . 12 Cannon 1 | . . 1 Launcher 9 | . 8 1 Special 5 | . . 5 Kinetic 12 | . . 12 Thermal 6 | . . 6 Explosive 9 | . 8 1 Electromagnetic . | . . . Robot Hit Streak 8 | . 7 8 Robot Miss Streak 1 | . . 1 Penetration Max . | . . . Secondary Targets . | . . . Shots Hit Robots 24 | . 7 17 Core Hits 12 | . 5 7 Critical Kills . | . . . Critical Parts Destroyed . | . . . Critical Strikes . | . . . Melee Attacks 26 | . . 26 Impact . | . . . Slashing 26 | . . 26 Piercing . | . . . Sneak Attacks . | . . . Combat Hostiles . | . . . Follow-up Attacks . | . . . Damage Inflicted 828 | . 358 470 Guns 123 | . . 123 Cannons . | . . . Explosions 407 | . 358 49 Melee 247 | . . 247 Ramming 7 | . . 7 Kinetic 123 | . . 123 Thermal 44 | . . 44 Explosive 407 | . 358 49 Electromagnetic . | . . . Impact . | . . . Slashing 247 | . . 247 Piercing . | . . . Highest Corruption 6 | . . 6 Average Corruption 6 | . . 6 Corruption Purged . | . . . Corruption Blocked . | . . . Effects 36 | . . 36 Message Errors 6 | . . 6 Matter Fused 11 | . . 11 Heat Flow Errors 2 | . . 2 Energy Discharges 5 | . . 5 Data Loss (minor) 7 | . . 7 Data Loss (major) 2 | . . 2 Misfires 3 | . . 3 Overload Shots . | . . . Overflow Damage 5 | . 5 . Projectiles . | . . . Explosions 5 | . 5 . Melee . | . . . Knockbacks . | . . . Impact . | . . . Kinetic . | . . . Secondary . | . . . Self-Inflicted Damage 23 | . 20 3 Shots 1 | . 1 . Rammed 2 | . . 2 Targets Rammed 2 | . . 2 Kicked . | . . . Crushed . | . . . Highest Temperature 216 | . 22 216 Average Temperature 59 | . 10 103 Received Heat Transfer 255 | . 72 183 Siege Activations . | . . . Robots Corrupted . | . . . Combat Hostiles . | . . . Parts Fried . | . . . Impact Corruptions . | . . . Robots Melted . | . . . Combat Hostiles . | . . . Parts Melted . | . . . Heat Transferred 320 | . . 320 Parts Sabotaged . | . . . Parts Stolen . | . . . Parts Stripped . | . . . Power Chain Reactions . | . . . Alert | -11 -10 -10 ------- Run | Yrd Mat Sub Peak Influence 85 | . 85 . Initial . | . . . Average 5 | . 6 . Maximum Alert Level . | . . . Low Security (%) 100 | 100 100 . Level 1 . | . . . Level 2 . | . . . Level 3 . | . . . Level 4 . | . . . Level 5 . | . . . High Security . | . . . Max Security . | . . . Squads Dispatched . | . . . Investigation . | . . . Extermination . | . . . Reinforcement . | . . . Assault . | . . . Garrison . | . . . Intercept . | . . . Searches Triggered . | . . . Construction Impeded . | . . . Haulers Reinforced . | . . . Active Scanning Responses . | . . . Cargo Convoy Interrupts . | . . . Stealth | -11 -10 -10 --------- Run | Yrd Mat Sub Distress Signals . | . . . Communications Jammed . | . . . Distress Signals . | . . . Times Spotted 9 | . 3 6 Peak Tracking Total 2 | . 2 2 Tactical Retreats 1 | . . 1 Traps | -11 -10 -10 ------- Run | Yrd Mat Sub Traps Triggered 1 | . 1 . Indirectly . | . . . Trap Hack Attempts . | . . . Triggered . | . . . Disarmed . | . . . Reprogrammed . | . . . Reused . | . . . Traps Extracted . | . . . Installed . | . . . Triggered . | . . . Machines | -11 -10 -10 ---------- Run | Yrd Mat Sub Machines Disabled 1 | . . 1 Max in Single Turn 1 | . . 1 Machines Repaired . | . . . Machines Dismantled . | . . . Machines Sabotaged . | . . . Overloaded Fab Kills . | . . . Hacking | -11 -10 -10 --------- Run | Yrd Mat Sub Machines Accessed 4 | . 2 2 Terminals 1 | . 1 . Fabricators . | . . . Repair Stations . | . . . Recycling Units 1 | . 1 . Scanalyzers . | . . . Garrison Access . | . . . Total Hacks 16 | . 5 11 Successful 13 | . 2 11 Failed 3 | . 3 . Catastrophic . | . . . Database Lockouts . | . . . Manual . | . . . Terminals 4 | . 4 . Fabricators . | . . . Repair Stations . | . . . Recycling Units 1 | . 1 . Scanalyzers . | . . . Garrison Access . | . . . Terminal Hacks 12 | . 1 11 Record 10 | . . 10 Emergency Access Points 1 | . 1 . Derelict Proto ID Bank 1 | . . 1 Fabricator Hacks . | . . . Repair Station Hacks . | . . . Recycling Unit Hacks 1 | . 1 . Report Inventory 1 | . 1 . Scanalyzer . | . . . Garrison Access Hacks . | . . . Unauthorized Hacks . | . . . Terminals . | . . . Fabricators . | . . . Repair Stations . | . . . Recycling Units . | . . . Scanalyzers . | . . . Garrison Access . | . . . Data Cores Recovered . | . . . Used . | . . . Hacking Detections 1 | . 1 . Full Trace Events . | . . . Feedback Events . | . . . Feedback Blocked . | . . . Robot Schematics Acquired . | . . . Robots Built . | . . . Authchips . | . . . Time . | . . . Total Robot Build Rating . | . . . Part Schematics Acquired . | . . . Parts Built . | . . . Authchips . | . . . Time . | . . . Total Part Build Rating . | . . . Parts Repaired . | . . . Time . | . . . Parts Recycled . | . . . Recycled Matter . | . . . Retrieved Matter . | . . . Retrieved Components . | . . . Parts Scanalyzed . | . . . Part Schematics Acquired . | . . . Parts Damaged . | . . . Bothacking | -11 -10 -10 ------------ Run | Yrd Mat Sub Used RIF Installer . | . . . Robots Hacked . | . . . Non-combat . | . . . Combat . | . . . Robot Hacks Applied . | . . . Relay Couplers Released . | . . . Fabnet Peak Effective % . | . . . Robots Rewired . | . . . Allies Hacked . | . . . Hacks Repelled . | . . . Allies | -11 -10 -10 -------- Run | Yrd Mat Sub Total Allies . | . . . Largest Group . | . . . Highest-Rated Group . | . . . Highest-Rated Ally . | . . . Total Orders . | . . . Ally Attacks . | . . . Total Damage . | . . . Kills . | . . . Allies Corrupted . | . . . Allies Melted . | . . . Intel | -11 -10 -10 ------- Run | Yrd Mat Sub Robot Analysis Total . | . . . Derelict Logs Recovered 1 | . . 1 Drone Launches . | . . . Drone Recoveries . | . . . Exploration | -11 -10 -10 ------------- Run | Yrd Mat Sub Turns Passed 2065 | 58 391 1616 Spaces Moved 656 | 52 151 453 Core 226 | 1 . 225 Treads 71 | . . 71 Legs . | . . . Wheels 359 | 51 151 157 Hover . | . . . Flight . | . . . Fastest Speed 50 | 50 90 105 Average Speed 254 | 88 90 328 Slowest Speed 550 | 90 105 550 Overloaded Moves . | . . . Propulsion Burnouts . | . . . Robots Hopped . | . . . Cave-ins Triggered 2 | . . 2 Exploration Rate (%) 17 | 3 32 17 Regions Visited 2 Branch Regions 1 Pre-discovered Areas 1 | . . 1 Known Exits Taken . | . . . Unknown Exits Taken 2 | 1 1 . Scrap Searched 1 | . . 1 Spaces Dug 15 | . . 15 Terrain Destroyed 56 | . 38 18 Melee 14 | . . 14 Projectile 1 | . . 1 AOE 41 | . 38 3 Terrain Rammed . | . . . Walls Destroyed . | . . . Machines Disabled . | . . . Actions | -11 -10 -10 --------- Run | Yrd Mat Sub Total 995 | 63 397 535 Wait 246 | . 233 13 Move 653 | 51 150 452 Hop . | . . . Pick Up 19 | 7 3 9 Fast Attach . | . . . Attach 17 | 4 1 12 Detach 3 | . . 3 Swap 7 | 1 1 5 Drop 1 | . 1 . Fire 20 | . 8 12 Melee 26 | . . 26 Ram 2 | . . 2 Kick . | . . . Crush . | . . . Escape Stasis 1 | . . 1 Rewire . | . . . Trap . | . . . Miscellaneous . | . . . Route ------- -11/Scrapyard -10/Materials (discovered 2 exits: [*Mat] / *Sub) -10/Subcaves History --------- Turn | Location | Event 41 | -11/Scrapyard | Discovered new exit (range 15) 59 | -11/Scrapyard | Entered Materials 165 | -10/Materials | Discovered new exit (range 11) 317 | -10/Materials | Build established: Mutant 444 | -10/Materials | Discovered new exit (range 6) 450 | -10/Materials | Entered Subcaves 460 | -10/Subcaves | Learned location of Zion (-6) 460 | -10/Subcaves | Met a Zionite searching for "candidates" 521 | -10/Subcaves | Visited 4L-MR0's lab 524 | -10/Subcaves | Learned Materials emergency access door positions 536 | -10/Subcaves | Found Flightbrick 578 | -10/Subcaves | Visited Clippyterm 672 | -10/Subcaves | Lost 3 parts (2n1w) 790 | -10/Subcaves | Crushed by falling debris 799 | -10/Subcaves | Ambushed by Subdweller buried in earth 799 | -10/Subcaves | Ambushed by Subdweller buried in earth 802 | -10/Subcaves | Core integrity fell below 50% 811 | -10/Subcaves | Crushed by falling debris 812 | -10/Subcaves | Core integrity fell below 20% 830 | -10/Subcaves | Ambushed by Subdweller buried in earth 840 | -10/Subcaves | Lost 6 parts (1p3n2w) 2061 | -10/Subcaves | Ambushed by angry Subdweller bent on revenge 2066 | -10/Subcaves | Destroyed by 4E-7HS(R) with Subdweller Laser Last Messages --------------- System corrupted: Matter fused (-9). System corrupted: Energy discharge (-37). VV-YNR(u) tweaks Twisted Machinery. System corrupted: Component data lost. U&Y ABZUUUAG:|GBFAKIWRRXONXB&1VUAVX9 System corrupted: Matter fused (-7). System corrupted: Matter fused (-8). System corrupted: Component data lost. System corrupted: Matter fused (-8). System corrupted: FCS attempts to trigger Sub. Machine Gun. System corrupted: Sub. Machine Gun misfires. VV-YNR(u) tweaks Twisted Machinery. System corrupted: Substantial component data lost. 39-T2N(O) cries out in pain. 39-T2N(O) destroyed. 4E-7HS(R) angrily emerges from the Twisted Machinery. 4E-7HS(R): "SUBHATE!" Map ----- +----------------------------------------------------+ | | | | | ?????????????????????????????????????????????????? | | ?????????????????????????????????????????????????? | | ?????????????????????????????????????????????????? | | ?????????????????????????????????????????????????? | | ?????????????????????????????????????????????????? | | ?????????????????????????????????????????????????? | | ?????????????????????????????????????????????????? | | ?????????????????????????????????????????????????? | | ?????????????????????????????????????????????????? | | ?????????????????????????????????????????????????? | | ?????????????????????????????????????????????????? | | ?????????????????????????????????????????????????? | | ?????????????????????????????????????????????????? | | ?????????????????????????????????????????????????? | | ???????????###????????????????####???????????????? | | ??????????## ###?????#######?## ####????????????? | | ??????????# #?????#"" "### #????????????? | | ??????????# ##?????#"* "" ## ##????????????? | | ??????##### #########""" ### ###?????????????? | | ?????## ## ""# #" # #???????????????? | | ????## "" ##??????????????? | | ????# ## "# #### ## ###????????????? | | ???## # "" # # ###?####?????? | | ???# ### "" R @ ### #?????? | | ???## #### "" % ## ####### | | ????# #?## ## #! ## ## # | | ????#### ##??#################### # ### | | ???????###??????????????????????## ### ## # ###?# | | ?????????????????????????????????####?########???# | | ?????????????????????????????????????????????????? | | ?????????????????????????????????????????????????? | | ?????????????????????????????????????????????????? | | ?????????????????????????????????????????????????? | | ?????????????????????????????????????????????????? | | ?????????????????????????????????????????????????? | | ?????????????????????????????????????????????????? | | ?????????????????????????????????????????????????? | | ?????????????????????????????????????????????????? | | ?????????????????????????????????????????????????? | | ?????????????????????????????????????????????????? | | ?????????????????????????????????????????????????? | | ?????????????????????????????????????????????????? | | ?????????????????????????????????????????????????? | | ?????????????????????????????????????????????????? | | ?????????????????????????????????????????????????? | | ?????????????????????????????????????????????????? | | ?????????????????????????????????????????????????? | | ?????????????????????????????????????????????????? | +----------------------------------------------------+ Best States ------------- Heat Dissipation 25 Energy Generation 15 Energy Capacity 250 Matter Stores 300 Matter Capacity 450 Sight Range 16 Terrain Scan Density 10 Evasion (%) 42 Recoil Reduction 2 Item Schematics ----------------- None Robot Schematics ------------------ None Fabricated ------------ Nothing Alien Tech Used ----------------- None Achievements -------------- None Challenges ------------ None Game ------ Seed SpliceNovaArmor Manual? 0 Play Time 00:13:55 Cumulative 37.6 hours Start 2024.05.04 @ 22:27:08 End 2024.05.04 @ 22:37:36 Sessions 1 Manual Loads 0 Difficulty Rogue Special Mode None Game No. 61 Rogue 60 Adventurer 1 Explorer 0 Win Type - Total 0 Types 0/0/0/0/0/0/0/0/0 Lore% 37 Gallery% 38 Achievement% 31 Wizard Run 0 Options --------- Layout 1 ASCII 0 Keyboard 0 Movement Mouse Keybinds 0 Fullscreen 1 Font 24/Smallcaps Map View 50x40 Zoom Use 0% Tactical HUD 0 Map Filters NONE Filters NONE Steam 1 RUN: ad203824-1a11-457e-9daf-31b656b0244a